 Dungeon Crawl Stone Soup version 0.17-a0-1378-g281efdd (webtiles) character file.

9391 Badjas the Unseen (level 11, -9/77 HPs)
             Began as an Octopode Monk on June 12, 2015.
             Was an Initiate of Gozag.
             Mangled by a troll (15 damage)
             ... on level 9 of the Dungeon on June 14, 2015.
             The game lasted 01:27:26 (15690 turns).

Badjas the Unseen (Octopode Monk)                  Turns: 15690, Time: 01:27:28

Health: -9/77      AC:  2    Str: 12    XL:     11   Next: 45%
Magic:  11/11      EV: 18    Int: 14    God:    Gozag
Gold:   615        SH:  0    Dex: 15    Spells: 0 memorised, 10 levels left

rFire  + . .     SeeInvis .     L - +5 dagger of the Coward {flame, rElec rPois rF+ rN+}
rCold  . . .     Clarity  .     (no shield)
rNeg   + + .     SustAt   .     b - +1 hat
rPois  +         Gourm    .     t - amulet of rage
rElec  +         Spirit   .     k - ring of wizardry
rCorr  .         Warding  .     I - ring of positive energy
rMut   .         Stasis   .     K - ring of protection from magic
MR     +....                    T - +1 ring of evasion
Stlth  ++++++++..               (no ring)
                                (no ring)
                                (no ring)
                                (no ring)

@: somewhat resistant to hostile enchantments, extraordinarily stealthy
A: almost no armour, amphibious, 8 rings, constrict 8, camouflage 1, gelatinous
body 1
a: Potion Petition, Call Merchant, Bribe Branch, Renounce Religion, Evoke
Berserk Rage


You were on level 9 of the Dungeon.
You worshipped Gozag.
Gozag was noncommittal.
You were not hungry.

You visited 3 branches of the dungeon, and saw 14 of its levels.
You also visited: Ossuary and Bailey.

You collected 2266 gold pieces.
You spent 237 gold pieces at shops.
You paid 1414 gold pieces to Gozag.

Inventory:

Hand weapons
 w - a +1 hunting sling of flaming
 A - the +7 dagger "Jofar" {pain, rC+ rN+ Int+2 Stlth-}
   (You found it on level 5 of the Dungeon)

   In the hands of one skilled in necromantic magic, it inflicts extra damage on
   living creatures.
   It affects your intelligence (+2).
   It protects you from cold.
   It protects you from negative energy.
   It makes you less stealthy.
 B - a +0 arbalest
 E - a +0 glaive
 L - the +5 dagger of the Coward (weapon) {flame, rElec rPois rF+ rN+}
   (You found it on level 10 of the Dungeon)

   It has been specially enchanted to burn those struck by it, causing extra
   injury to most foes and up to half again as much damage against particularly
   susceptible opponents.
   It protects you from fire.
   It insulates you from electricity.
   It protects you from poison.
   It protects you from negative energy.
 M - a +0 quick blade
Missiles
 c - 315 stones
 m - 2 throwing nets
 D - 36 poisoned needles
 H - 6 tomahawks of returning (quivered)
 Q - 3 tomahawks of dispersal
 S - 299 bolts
Armour
 b - a +1 hat (worn)
Magical staves
 J - an uncursed staff of earth {unknown}
Jewellery
 f - an uncursed ring of ice
 k - a ring of wizardry (left tentacle)
 t - an amulet of rage (around mantle)
 v - an uncursed amulet of resist corrosion
 I - a ring of positive energy (right tentacle)
 K - a ring of protection from magic (on tentacle)
 T - a +1 ring of evasion (on tentacle)
Magical devices
 N - a wand of teleportation (4)
Scrolls
 d - a scroll of recharging
 e - 5 scrolls of enchant weapon
 h - a scroll of amnesia
 i - 2 scrolls of remove curse
 l - a scroll of fear
 n - a scroll of immolation
 p - a scroll of noise
 r - 3 scrolls of fog
 x - a scroll of blinking
 y - a scroll of magic mapping
 F - 3 scrolls of teleportation
 R - a scroll of holy word {unknown}
Potions
 g - 3 potions of brilliance
 j - a potion of agility
 o - 2 potions of resistance
 q - a potion of magic
 s - 4 potions of curing
 u - a potion of poison
 z - 2 potions of might
 C - 2 potions of cure mutation
 G - a potion of flight {unknown}
 O - a potion of experience {unknown}
 P - a potion of cancellation {unknown}
Miscellaneous
 U - a legendary deck of wonders
Comestibles
 a - 7 bread rations


   Skills:
 + Level 8.1 Fighting
 - Level 2.2 Short Blades
 - Level 1.4 Throwing
 + Level 8.5 Dodging
 + Level 16.8 Stealth
 + Level 6.3 Unarmed Combat
 + Level 0.2 Evocations


You had 10 spell levels left.
You didn't know any spells.

Dungeon Overview and Level Annotations

Branches:
Dungeon (12/15)            Temple (1/1) D:5            Lair (1/8) D:9
    Orc: D:9-12

Altars:
Ashenzari
Cheibriados
Dithmenos
Elyvilon
Gozag
Makhleb
Nemelex Xobeh
Okawaru
Qazlal
Ru
Sif Muna
Trog
Vehumet
Xom
Yredelemnul
The Shining One

Shops:
D:8 =*[**   D:9 }   D:10 *   D:11 %   D:12 *

Annotations:
D:5 4 exclusions, Grinder, Pikel, Sigmund
D:6 Menkaure
Lair:1 Urug


Innate Abilities, Weirdness & Mutations

You cannot wear most types of armour.
You are amphibious.
You can wear up to eight rings at the same time.
You can use your tentacles to constrict eight enemies at once.
Your skin changes colour to match your surroundings (Stealth).
Your rubbery body absorbs attacks (AC +1).


Message History

You start resting.
The troll shouts!
You hit the troll. You burn the troll.
You squeeze the troll, but do no damage.
The troll is moderately wounded.
The troll closely misses you. The troll claws you.
The troll closely misses you.
You hit the troll but do no damage.
Your tentacle-slap misses the troll.
The troll is moderately wounded.
The troll bites you. The troll claws you! The troll claws you.
You hit the troll. You burn the troll. You tentacle-slap the troll!
The troll is heavily wounded.
The troll bites you. The troll claws you! The troll misses you.
You hit the troll. You burn the troll.
The troll is severely wounded.
The troll bites you!!
* * * LOW HITPOINT WARNING * * *
The troll barely misses you. The troll claws you!
You die...
Your body crumbles into a pile of gold.

#################################
.................................
.................................
..######..#####..######..######..
..# #..# #..# #..# #..
..######..#####.@######..######..
.................T.......<.......
.................................
..#####.............[........####
..# #......................# ..#
#......................# ..#
#......................# ..#
#......................# ..#
#......................#


You could see a troll.

Vanquished Creatures
  A hill giant (D:10)
  An orc knight (Bailey)
  A spiny frog (Lair:1)
  An efreet (D:11)
  A two-headed ogre (D:11)
  A slime creature (D:11)
  A spriggan (D:7)
  A deep elf mage (D:11)
  4 yaks (D:9)
  2 wyverns
  2 hippogriffs
  A deep elf fighter (D:9)
  2 hungry ghosts
  A porcupine (Lair:1)
  A sky beast (D:9)
  A black bear (D:10)
  2 ice beasts
  8 orc warriors
  2 phantoms
  A necrophage (D:8)
  7 centaurs
  An ogre (D:5)
  A wyvern zombie (D:11)
  An elf zombie (D:8)
  7 giant frogs
  A gnoll sergeant (D:8)
  A wyvern skeleton (D:11)
  3 water moccasin zombies (Ossuary)
  A scorpion (D:9)
  A troll zombie (D:8)
  8 wights
  6 killer bees (D:9)
  2 hounds
  2 centaur zombies
  A crimson imp (D:11)
  8 orc wizards
  4 human zombies (D:8)
  2 giant frog skeletons
  2 centaur skeletons
  3 jellies
  A quasit (D:7)
  2 orc priests
  3 iguanas
  5 worker ants
  An ogre zombie (D:8)
  2 big kobold zombies (Ossuary)
  4 mummies
  3 hound skeletons
  A worker ant zombie (D:10)
  Robin (D:2)
  18 gnolls
  2 river rats (D:9)
  11 adders
  2 shadow imps
  2 oozes
  7 adder zombies
  5 giant geckos
  38 orcs
  A ball python (D:1)
  5 giant cockroaches
  14 goblins
  15 hobgoblins
  22 bats
  3 giant gecko skeletons
  A giant gecko zombie (D:8)
  A giant newt (D:2)
  2 gnoll zombies (Ossuary)
  7 hobgoblin zombies (Ossuary)
  9 jackals
  16 kobolds
  3 kobold zombies (Ossuary)
  4 orc zombies (Ossuary)
  A quokka zombie (D:5)
  25 rats
334 creatures vanquished.

Vanquished Creatures (collateral kills)
  A shadow imp (D:11)
1 creature vanquished.

Grand Total: 335 creatures vanquished

Notes
Turn   | Place    | Note
--------------------------------------------------------------
     0 | D:1      | Badjas the Octopode Monk began the quest for the Orb.
     0 | D:1      | Reached XP level 1. HP: 16/16 MP: 1/1
   217 | D:1      | Reached XP level 2. HP: 21/21 MP: 2/2
   716 | D:2      | Reached XP level 3. HP: 21/26 MP: 3/3
   896 | D:2      | Noticed Robin
   923 | D:1      | Reached XP level 4. HP: 31/31 MP: 4/4
  1075 | D:2      | Found a faded altar to an unknown god.
  1313 | D:2      | Reached skill level 5 in Unarmed Combat
  1354 | D:2      | Killed Robin
  1354 | D:2      | Reached XP level 5. HP: 36/36 MP: 5/5
  1384 | D:2      | Reached skill level 1 in Throwing
  2577 | D:3      | Found an iron altar of Okawaru.
  2658 | D:3      | Found a shattered altar of Ashenzari.
  2787 | D:4      | Reached XP level 6. HP: 5/43 MP: 6/6
  3298 | D:4      | Reached skill level 5 in Stealth
  3642 | D:5      | Entered Level 5 of the Dungeon
  3646 | D:5      | Upgraded the game from 0.17-a0-1368-g6ab37f2 to 0.17-a0-1373-g64d4c99
  3775 | D:5      | Noticed Sigmund
  3784 | D:5      | Noticed Grinder
  3906 | D:5      | Found a staircase to the Ecumenical Temple.
  3908 | D:5      | Got a polished dagger
  3916 | Temple   | Entered the Ecumenical Temple
  3925 | Temple   | Became a worshipper of Gozag Ym Sagoz the Greedy
  4038 | D:5      | Reached XP level 7. HP: 32/48 MP: 7/7
  4210 | D:5      | Reached skill level 6 in Stealth
  4335 | D:5      | Noticed Pikel
  4859 | D:5      | Found a white marble altar of Elyvilon.
  4861 | D:5      | Found a sparkling altar of Nemelex Xobeh.
  4962 | D:6      | Reached skill level 7 in Stealth
  5117 | D:6      | Found a staircase to the Ecumenical Temple.
  5266 | D:6      | Noticed Menkaure
  5442 | D:7      | Reached XP level 8. HP: 48/54 MP: 8/8
  5476 | D:7      | Identified the +7 dagger "Jofar" {pain, rC+ rN+ Int+2 Stlth-} (You found it on level 5 of the Dungeon)
  5480 | D:7      | Found a sand-covered staircase.
  5485 | Ossuary  | Entered an ossuary
  5786 | Ossuary  | Reached skill level 5 in Fighting
  5786 | Ossuary  | Reached skill level 8 in Stealth
  6501 | D:7      | Reached skill level 5 in Dodging
  6821 | D:7      | Noticed a spriggan baker
  6822 | D:7      | Killed a spriggan baker
  6822 | D:7      | Reached skill level 1 in Short Blades
  6822 | D:7      | Reached skill level 9 in Stealth
  7005 | D:8      | Found a deep blue altar of Sif Muna.
  7091 | D:8      | Reached skill level 10 in Stealth
  7091 | D:8      | Reached XP level 9. HP: 56/62 MP: 9/9
  7258 | D:8      | Found Kithom's Assorted Antiques.
  7294 | D:8      | Found Xocoun's Assorted Antiques.
  7363 | D:8      | Found Kelep's General Store.
  7519 | D:8      | Bought a scroll of blinking for 82 gold pieces
  7536 | D:8      | Noticed a two-headed ogre
  7556 | D:8      | Reached skill level 11 in Stealth
  7801 | D:8      | Found Bydio's Antique Armour Boutique.
  7825 | D:8      | Found Narruiz's Jewellery Emporium.
  7828 | D:8      | Bought a cursed amulet of inaccuracy for 30 gold pieces
  7828 | D:8      | Bought a cursed ring of loudness for 67 gold pieces
  7891 | D:8      | Found a deep blue altar of Sif Muna.
  8452 | D:8      | Found a basalt altar of Yredelemnul.
  8469 | D:8      | Reached skill level 12 in Stealth
  9306 | D:9      | Found a staircase to the Lair.
  9374 | D:9      | Found a shimmering altar of Xom.
  9384 | D:9      | Found a snail-covered altar of Cheibriados.
  9462 | D:9      | Reached skill level 13 in Stealth
  9552 | D:9      | Found Xeucayf's Gadget Shop.
  9617 | D:9      | Reached XP level 10. HP: 42/69 MP: 10/10
  9932 | D:10     | Entered Level 10 of the Dungeon
  9957 | D:10     | Got a faintly glowing dagger
  9981 | D:10     | Found Agiamepp's General Store.
 10121 | D:10     | Noticed a hill giant
 10141 | D:10     | Killed a hill giant
 10141 | D:10     | Reached skill level 14 in Stealth
 10380 | D:10     | Identified the +5 dagger of the Coward {flame, rElec rPois rF+ rN+} (You found it on level 10 of the Dungeon)
 10552 | D:10     | Noticed a hill giant
 11460 | Lair:1   | Entered Level 1 of the Lair of Beasts
 11477 | Lair:1   | Reached skill level 15 in Stealth
 11505 | Lair:1   | Found a snail-covered altar of Cheibriados.
 11542 | Lair:1   | Noticed Urug
 11961 | D:9      | HP: 2/71 [spiny frog (24)]
 12403 | D:11     | Found Wurgh's Food Boutique.
 12593 | D:11     | Reached XP level 11. HP: 71/76 MP: 11/11
 12631 | D:11     | Noticed a hill giant
 12725 | D:11     | Found a deep blue altar of Sif Muna.
 12941 | D:10     | Upgraded the game from 0.17-a0-1373-g64d4c99 to 0.17-a0-1378-g281efdd
 13162 | D:12     | Found Ziudaq's General Store.
 13227 | D:12     | Found a flagged portal.
 13250 | Bailey   | Entered a bailey
 14003 | Bailey   | Noticed an orc knight
 14009 | Bailey   | Killed an orc knight
 14009 | Bailey   | Reached skill level 16 in Stealth
 14555 | D:12     | Bought a beef jerky for 22 gold pieces
 15294 | D:11     | Bought a beef jerky for 18 gold pieces
 15294 | D:11     | Bought a beef jerky for 18 gold pieces
 15690 | D:9      | Mangled by a troll

Vault maps used:
D:1:      dpeg_arrival_chase
D:2:      ecumenical_altar_1, uniq_robin
D:3:      nicolae_overflow_hidden_temple, okawaru_altar_gauntlet_db
D:4:      first_bread
D:5:      minitemple, temple_pool_b, uniq_grinder, uniq_pikel, uniq_sigmund,
          uniq_edmund
D:6:      minmay_temple_entry_trees, eino_tiny_chamber, uniq_menkaure
D:7:      nicolae_ossuary_entry_plus, the_bakery
D:8:      overflow_temple_1_default, lemuel_mausoleum_altar_yredelemnul,
          serial_shops, shop, nicolae_shop_statue_plus,
          nicolae_shop_behind_doors, nicolae_shop_statue_plus, shop,
          led_sif_book
D:9:      amethyst_overflow_temple_binary, grunt_lair_entry_elf_guard_hut,
          grunt_decor_resistance
D:10:     serial_shops, shop, nrook_pool_corridor
D:11:     serial_shops, nicolae_shop_stone, basic_altar
D:12:     orc_0_dummy, lightli_bailey_entry_fortress
Temple:   circular_temple_12
Lair:1:   basic_altar, nicolae_quartered_pool_medium, uniq_urug
Ossuary:  ossuary_tomb_2
Bailey:   bailey_polearm_2, bailey

Action                   |  1- 3 |  4- 6 |  7- 9 | 10-12 || total
-------------------------+-------+-------+-------+-------++-------
Melee: Unarmed           |    55 |   175 |    68 |       ||   298
       Dagger            |       |       |   253 |   293 ||   546
 Fire: Arbalest          |       |       |       |     5 ||     5
       Hunting sling     |       |       |       |     2 ||     2
Throw: Stone             |    12 |    11 |     5 |       ||    28
       Tomahawk          |       |       |    10 |    12 ||    22
Invok: Call Merchant     |       |       |     1 |     1 ||     2
       Potion Petition   |       |       |       |     1 ||     1
 Abil: Evoke Berserk Rag |       |       |     1 |     1 ||     2
  Use: Potion            |     1 |     3 |       |     7 ||    11
       Scroll            |       |     9 |    11 |     6 ||    26
 Stab: Sleeping          |     4 |    14 |    58 |    35 ||   111
       Distracted        |       |     3 |     1 |    11 ||    15
  Eat: Chunk             |       |     9 |       |       ||     9
       Beef jerky        |       |     1 |     1 |     3 ||     5
       Meat ration       |       |       |     2 |     1 ||     3
       Pizza             |       |       |     1 |       ||     1
       Bread ration      |       |       |     1 |     2 ||     3
       Fruit             |       |       |       |     6 ||     6
